[Event "Titled Tuesday Blitz June 14 Late 2022"]
[White "Zhigalko, Sergei"]
[Black "Tanenbaum, Zachary"]
[WhiteFideId "13502956"]
[BlackFideId "2060850"]
[WhiteElo "2662"]
[BlackElo "2175"]
[Result "1/2-1/2"]
[Round "10"]
[TimeControl "180+1"]
[Date "2022.06.14"]
[WhiteClock "0:00:01"]
[BlackClock "0:00:03"]

1. e4 e5 2. Nf3 Nc6 3. Bb5 a6 4. Ba4 d6 5. O-O Nf6 6. Re1 Be7 7. c3 O-O 8. h3 b5 9. Bc2 Nb8 10. d4 Nbd7 11. Nbd2 Bb7 12. a4 Re8 13. Bd3 c6 14. Nf1 Bf8 15. Ng3 g6 16. Bg5 Bg7 17. Qd2 Qe7 18. Rad1 Qf8 19. Qc2 Nb6 20. b3 Rac8 21. Be3 Nbd7 22. Qb1 Bh6 23. Ng5 Bg7 24. f4 exf4 25. Bxf4 Qe7 26. Rf1 Nf8 27. Rde1 Ne6 28. Nxe6 fxe6 29. Bg5 e5 30. Kh1 Rf8 31. Rf3 Qe6 32. dxe5 dxe5 33. c4 Nh5 34. Rxf8+ Rxf8 35. Nxh5 gxh5 36. cxb5 cxb5 37. axb5 axb5 38. Bxb5 Qg6 39. Qc1 h6 40. Be3 Bxe4 41. Re2 Kh8 42. Bc4 Bd3 43. Bxd3 Qxd3 44. Re1 Qg6 45. Qd2 e4 46. Bd4 Kh7 47. Bxg7 Kxg7 48. Qd4+ Kh7 49. Qxe4 Rf1+ 50. Kh2 Qxe4 51. Rxe4 Rb1 52. b4 Rb3 53. Rc4 Kg6 54. Rc6+ Kg5 55. Rc5+ Kg6 56. Rb5 h4 57. Kg1 Rb2 58. Rb8 Kg5 59. Rg8+ Kh5 60. Rg4 Rb1+ 61. Kf2 Rf1+ 62. Ke3 Re1+ 63. Kf4 Re4+ 64. Kf5 Re5+ 65. Kf6 Re6+ 66. Kg7 Re7+ 67. Kg8 Rg7+ 68. Rxg7 1/2-1/2


[Site "https://www.chess.com"]

[Event "Titled Tuesday Blitz June 14 Late 2022"]
[White "Zhurbinsky, David"]
[Black "Roman, Rodrigo"]
[WhiteFideId "2072904"]
[BlackFideId "3701220"]
[WhiteElo "2574"]
[BlackElo "2001"]
[Result "1-0"]
[Round "10"]
[TimeControl "180+1"]
[Date "2022.06.15"]
[WhiteClock "0:00:03"]
[BlackClock "0:00:07"]

1. e4 e6 2. d4 d5 3. Nc3 dxe4 4. Nxe4 Nd7 5. Nf3 Ngf6 6. Nxf6+ Nxf6 7. Bd3 Be7 8. Bg5 O-O 9. Qd2 b6 10. O-O-O Bb7 11. Ne5 Rc8 12. Qf4 Nd5 13. Bxe7 Nxf4 14. Bxd8 Nxd3+ 15. Rxd3 Rfxd8 16. f3 c5 17. dxc5 bxc5 18. Rhd1 Rd5 19. c4 Rxd3 20. Rxd3 f6 21. Ng4 Rc7 22. Kd2 Kf7 23. Kc3 Ke7 24. Nf2 a5 25. Kc2 Bc6 26. Ra3 a4 27. Nd3 Bd7 28. Nf4 g5 29. Ne2 h5 30. Nc3 Ra7 31. Ne4 Rc7 32. Nc3 Ra7 33. Kd2 f5 34. b3 Bc6 35. bxa4 g4 36. Nb5 Ra5 37. Ke3 Kf6 38. Nc3 h4 39. Rb3 Ke5 40. f4+ Kf6 41. g3 hxg3 42. hxg3 Ra7 43. Kf2 Rh7 44. Rb6 Rh2+ 45. Ke3 Bf3 46. a5 Rc2 47. Nb5 Re2+ 48. Kd3 Rxa2 49. a6 Be2+ 50. Ke3 Bxc4 51. Nc3 Bxa6 52. Nxa2 Bc4 53. Nc3 Bd5 54. Nxd5+ 1-0


[Site "https://www.chess.com"]

[Event "Titled Tuesday Blitz June 14 Late 2022"]
[White "Al-Tarboush, Ward"]
[Black "Harsh Suresh"]
[WhiteFideId "7601450"]
[BlackFideId "45018464"]
[WhiteElo "2249"]
[BlackElo "2059"]
[Result "0-1"]
[Round "11"]
[TimeControl "180+1"]
[Date "2022.06.14"]
[WhiteClock "0:00:05"]
[BlackClock "0:00:36"]

1. e4 g6 2. d4 Nf6 3. e5 Nh5 4. Nf3 d6 5. Bc4 Nc6 6. Ng5 e6 7. g4 Ng7 8. Qf3 Qe7 9. Ne4 d5 10. Nf6+ Kd8 11. Bxd5 exd5 12. Nxd5 Nxd4 13. Qd3 Qxe5+ 14. Be3 Qxd5 15. Bxd4 Qxh1+ 16. Kd2 Bd7 17. Nc3 Qxa1 18. Bf6+ Kc8 19. Na4 Qxa2 20. b3 Bb4+ 21. Ke3 Re8+ 22. Kf3 Ne6 0-1


[Site "https://www.chess.com"]

[Event "Titled Tuesday Blitz June 14 Late 2022"]
[White "Ambartsumova, Karina"]
[Black "Aldokhin, Ivan"]
[WhiteFideId "4166299"]
[BlackFideId "24115720"]
[WhiteElo "2262"]
[BlackElo "2231"]
[Result "0-1"]
[Round "11"]
[TimeControl "180+1"]
[Date "2022.06.14"]
[WhiteClock "0:00:12"]
[BlackClock "0:00:16"]

1. d4 Nf6 2. c4 g6 3. Nf3 Bg7 4. g3 d6 5. Bg2 O-O 6. Nc3 Nbd7 7. e4 e5 8. O-O exd4 9. Nxd4 Re8 10. Re1 a6 11. Qc2 Rb8 12. h3 Ne5 13. b3 c5 14. Nde2 Bxh3 15. Nf4 Bg4 16. Re3 Nc6 17. Bb2 Nd4 18. Qd2 b5 19. cxb5 axb5 20. f3 b4 21. Nce2 Nxe2+ 22. Qxe2 Be6 23. Rd1 Qc7 24. e5 dxe5 25. Bxe5 Qa7 26. Bxb8 Rxb8 27. Nxe6 fxe6 28. Rxe6 c4+ 29. Kh2 c3 30. Re7 Qc5 31. Qe6+ Kh8 32. Qf7 Qh5+ 33. Kg1 Qh6 34. f4 Rf8 35. Qc4 Ng4 36. Qd3 c2 37. Rc1 Qh2+ 38. Kf1 Rxf4+ 39. gxf4 Qxf4+ 40. Ke2 Qf2# 0-1


[Site "https://www.chess.com"]

[Event "Titled Tuesday Blitz June 14 Late 2022"]
[White "Andreikin, Dmitry"]
[Black "Nakamura, Hikaru"]
[WhiteFideId "4158814"]
[BlackFideId "2016192"]
[WhiteElo "2736"]
[BlackElo "2850"]
[Result "1-0"]
[Round "11"]
[TimeControl "180+1"]
[Date "2022.06.14"]
[WhiteClock "0:00:10"]
[BlackClock "0:00:22"]

1. d4 Nf6 2. c4 e6 3. Nc3 Bb4 4. Nf3 O-O 5. Bg5 c5 6. Rc1 h6 7. Bh4 cxd4 8. Nxd4 d5 9. cxd5 Bxc3+ 10. Rxc3 g5 11. Bg3 Qxd5 12. e3 e5 13. Bc4 Qxg2 14. Qf3 Qxf3 15. Nxf3 Ne4 16. Rc1 Nc6 17. Bd5 Nxg3 18. hxg3 Nb4 19. Be4 Nxa2 20. Rc7 Kg7 21. Nxe5 Be6 22. Rxb7 Rab8 23. Rxa7 Rxb2 24. O-O Nc3 25. Bf3 Rb5 26. Nc6 Rc5 27. Nd4 Bc8 28. Rc1 Ne4 29. Rxc5 Nxc5 30. Bd5 Kf6 31. f4 Ne6 32. Nf3 Nd8 33. Ne5 Be6 34. Bxe6 Kxe6 35. Ra6+ Kf5 36. Kf2 gxf4 37. gxf4 f6 38. Kf3 1-0


[Site "https://www.chess.com"]

[Event "Titled Tuesday Blitz June 14 Late 2022"]
[White "Antonova, Nadezhda"]
[Black "Sanchez Alarcon, Juan"]
[WhiteFideId "14700182"]
[BlackFideId "3401332"]
[WhiteElo "1746"]
[BlackElo "2164"]
[Result "0-1"]
[Round "11"]
[TimeControl "180+1"]
[Date "2022.06.15"]
[WhiteClock "0:00:02"]
[BlackClock "0:00:56"]

1. Nf3 Nf6 2. b3 g6 3. Bb2 Bg7 4. g3 d6 5. d4 Nbd7 6. Bg2 O-O 7. O-O c6 8. Nbd2 Re8 9. Re1 e5 10. e4 Qc7 11. dxe5 dxe5 12. Nc4 b5 13. Qd6 Qxd6 14. Nxd6 Re6 15. Rad1 h6 16. Nxc8 Rxc8 17. Bh3 Re7 18. Ba3 c5 19. Rd6 b4 20. Bb2 Rce8 21. Red1 Nb6 22. Nd2 Rc7 23. f3 c4 24. bxc4 Nxc4 25. Nxc4 Rxc4 26. R1d2 Re7 27. Bf1 Rcc7 28. Rd8+ Kh7 29. Bd3 Nd7 30. Kf2 Nc5 31. Ke2 Ne6 32. Rd5 Nd4+ 33. Bxd4 exd4 34. Bb5 f5 35. Bd3 fxe4 36. Bxe4 Rc3 37. Kf2 Ra3 38. Rd6 Rxa2 39. Bxg6+ Kg8 40. Rd8+ Bf8 41. R2xd4 Kg7 42. Bd3 a5 43. Rg4+ Kf7 44. Rf4+ Kg7 45. Rfxf8 b3 46. Rg8+ Kf7 47. Rdf8+ Ke6 48. Bc4+ Kd6 49. Bxb3 Rb2 50. Kg2 Ra7 51. Rd8+ Kc7 52. Rc8+ Kb6 53. Rb8+ Kc5 54. Rgc8+ Kd4 55. Rc4+ Ke3 56. Kh3 a4 0-1


[Site "https://www.chess.com"]

[Event "Titled Tuesday Blitz June 14 Late 2022"]
[White "Babazada, Khazar"]
[Black "Bortnyk, Olexandr"]
[WhiteFideId "13413554"]
[BlackFideId "14120828"]
[WhiteElo "2406"]
[BlackElo "2723"]
[Result "0-1"]
[Round "11"]
[TimeControl "180+1"]
[Date "2022.06.14"]
[WhiteClock "0:00:02"]
[BlackClock "0:00:07"]

1. e4 d6 2. d4 Nf6 3. Nc3 Nbd7 4. Nf3 e5 5. Bc4 Be7 6. O-O c6 7. a4 h6 8. h3 Qc7 9. a5 g5 10. dxe5 dxe5 11. Be3 g4 12. hxg4 Nxg4 13. Ng5 hxg5 14. Qxg4 Nf6 15. Qe2 g4 16. Rfd1 g3 17. f3 Nh5 18. a6 b5 19. Bxb5 cxb5 20. Nd5 Qc6 21. Nxe7 Kxe7 22. Rd5 f6 23. Rad1 Kf7 24. Rd6 Qc4 25. Qd2 Ng7 26. Rd5 Ne6 27. b3 Qc6 28. f4 exf4 29. Bxf4 Nxf4 30. Qxf4 Qb6+ 31. R1d4 Be6 32. Rd6 Qa5 33. Qxg3 Rag8 34. Qf4 Qe1+ 0-1


[Site "https://www.chess.com"]

[Event "Titled Tuesday Blitz June 14 Late 2022"]
[White "Barria Zuniga, Daniel"]
[Black "Nazaretyan, Tigran"]
[WhiteFideId "3400816"]
[BlackFideId "24162345"]
[WhiteElo "2414"]
[BlackElo "2179"]
[Result "0-1"]
[Round "11"]
[TimeControl "180+1"]
[Date "2022.06.14"]
[WhiteClock "0:00:01"]
[BlackClock "0:00:05"]

1. d4 Nf6 2. c4 c5 3. d5 b5 4. Qc2 e6 5. e4 exd5 6. e5 Qe7 7. Qe2 bxc4 8. exf6 gxf6 9. Nc3 Bb7 10. Bf4 d4 11. O-O-O dxc3 12. Qxc4 cxb2+ 13. Kxb2 Nc6 14. Nf3 Ne5 15. Qa4 Bc6 16. Qa5 Bg7 17. Bd3 O-O 18. Rhe1 Rfb8+ 19. Kc2 c4 20. Bxc4 Nxc4 21. Rxe7 Nxa5 22. Bxb8 Rxb8 23. Nd4 Ba4+ 24. Kd2 Nc4+ 25. Kc3 Ne5 26. Re1 Bf8 27. R1xe5 fxe5 28. Rxe5 Bg7 29. Rg5 h6 30. Ra5 Bc6 31. f3 Rb5 32. Ra4 Rc5+ 33. Rc4 d6 34. Kd3 Bd5 35. Rxc5 dxc5 36. Nb5 Bxa2 37. Nxa7 c4+ 38. Kc2 Bb3+ 39. Kc1 Ba4 40. Nc8 Bf8 41. Nb6 Bb3 42. Kb2 Bg7+ 43. Ka3 Bd4 44. Nd5 Kg7 45. Kb4 Ba2 0-1


[Site "https://www.chess.com"]

[Event "Titled Tuesday Blitz June 14 Late 2022"]
[White "Bernadskiy, Vitaliy"]
[Black "Xiong, Jeffery"]
[WhiteFideId "14100371"]
[BlackFideId "2047640"]
[WhiteElo "2473"]
[BlackElo "2714"]
[Result "1-0"]
[Round "11"]
[TimeControl "180+1"]
[Date "2022.06.14"]
[WhiteClock "0:00:10"]
[BlackClock "0:00:04"]

1. b3 d5 2. Bb2 Bf5 3. e3 e6 4. Nf3 Nf6 5. Be2 h6 6. O-O Be7 7. c4 O-O 8. Nc3 c6 9. Rc1 Nbd7 10. d4 Ne4 11. Bd3 Nxc3 12. Bxc3 Bxd3 13. Qxd3 f5 14. b4 Nf6 15. Ne5 Ne4 16. Be1 Bf6 17. Ng6 Re8 18. Nf4 Nd6 19. c5 Nc4 20. Qb3 e5 21. dxe5 Bxe5 22. Qd3 Qg5 23. g3 Rad8 24. Rxc4 dxc4 25. Qxc4+ Kh7 26. Ne6 Qf6 27. Nxd8 Rxd8 28. b5 cxb5 29. Qxb5 Qc6 30. Qb1 Qe4 31. Qxe4 fxe4 32. Bb4 Kg6 33. Rb1 Kf5 34. Kg2 Rd5 35. Rb3 Rd1 36. Ba5 Rd7 37. Rb5 Ke6 38. f4 Bf6 39. g4 Kd5 40. Rb4 Bc3 41. Ra4 Bf6 42. Kg3 g5 43. f5 Be5+ 44. Kg2 Re7 45. Be1 Bb8 46. Rd4+ Kc6 47. Bg3 Bxg3 48. Kxg3 Kxc5 49. Rd8 b5 50. Rh8 a5 51. Rxh6 a4 52. h4 gxh4+ 53. Kf4 b4 54. f6 Rb7 55. Rxh4 Kd5 56. Kf5 Kd6 57. Kg6 Ke6 58. g5 Ke5 59. f7 Rb8 60. Kg7 b3 61. axb3 axb3 62. Rh1 Kf5 63. g6 1-0


[Site "https://www.chess.com"]

[Event "Titled Tuesday Blitz June 14 Late 2022"]
[White "Bilych, Olexiy"]
[Black "Riehle, Marco"]
[WhiteFideId "14156504"]
[BlackFideId "12904392"]
[WhiteElo "2189"]
[BlackElo "2462"]
[Result "0-1"]
[Round "11"]
[TimeControl "180+1"]
[Date "2022.06.14"]
[WhiteClock "0:00:02"]
[BlackClock "0:00:20"]

1. e4 e5 2. Nf3 Nf6 3. Nxe5 Nxe4 4. Qe2 Qe7 5. Qxe4 d6 6. d4 dxe5 7. dxe5 Nc6 8. Nc3 Qxe5 9. Qxe5+ Nxe5 10. Nb5 Bb4+ 11. Bd2 Bxd2+ 12. Kxd2 Kd8 13. Re1 f6 14. f4 Ng6 15. g3 c6 16. Nd6 Kc7 17. Nxc8 Raxc8 18. Bd3 Rhe8 19. h4 Rcd8 20. h5 Nf8 21. Kc3 h6 22. a4 b6 23. b3 a5 24. Bc4 Kd6 25. Rd1+ Kc5 26. Rxd8 Rxd8 27. Re1 b5 28. Bd3 b4+ 29. Kd2 Kd6 30. Bf5 c5 31. Re3 c4 32. bxc4 Kc5+ 33. Bd3 Nd7 34. Re7 Nb6 35. Rc7+ Kd4 36. c5 Nxa4 37. c6 Kc5 38. Rd7 Rc8 39. c7 Kc6 40. Rxg7 Nc5 41. Rg6 a4 42. Rxf6+ Kxc7 43. Rxh6 Rd8 44. Rh7+ Kb6 45. h6 a3 46. Re7 b3 47. Kc3 b2 48. Re1 Nxd3 49. cxd3 Rc8+ 50. Kb3 Rc1 51. Re7 b1=Q+ 0-1


[Site "https://www.chess.com"]

[Event "Titled Tuesday Blitz June 14 Late 2022"]
[White "Bongo Akanga Ndjila, Barthelemy"]
[Black "Kohler, Aran"]
[WhiteFideId "10609431"]
[BlackFideId "1002856"]
[WhiteElo "1768"]
[BlackElo "2235"]
[Result "0-1"]
[Round "11"]
[TimeControl "180+1"]
[Date "2022.06.15"]
[WhiteClock "0:00:01"]
[BlackClock "0:00:17"]

1. d4 d5 2. c4 c6 3. Nc3 Nf6 4. Nf3 e6 5. e3 Nbd7 6. Qc2 Bd6 7. b3 O-O 8. Bd3 h6 9. O-O e5 10. cxd5 cxd5 11. Nb5 Bb8 12. Bf5 e4 13. Ba3 exf3 14. Bxf8 fxg2 15. Rfc1 Nxf8 16. Qxc8 Qb6 17. Nc7 Qd6 18. f4 Qe7 19. Rc3 Bxc7 20. Qxa8 Ba5 21. Rd3 g6 22. Bh3 Kg7 23. Bxg2 Bb6 24. Rc1 Ne4 25. Bxe4 Qxe4 26. Rcd1 Nd7 27. Qxb7 Nf6 28. Qc6 Qf3 29. Qc2 Ne4 30. Qg2 Qh5 31. Rf1 Qf5 32. Rdd1 Ba5 33. Rc1 Bc3 34. Rcd1 h5 35. Rf3 h4 36. Rh3 Qh5 37. Qf3 Qh8 0-1


[Site "https://www.chess.com"]

[Event "Titled Tuesday Blitz June 14 Late 2022"]
[White "Bryakin, Mikhail"]
[Black "Yurovskykh, Oleksandr"]
[WhiteFideId "4165314"]
[BlackFideId "14134020"]
[WhiteElo "2417"]
[BlackElo "2292"]
[Result "1/2-1/2"]
[Round "11"]
[TimeControl "180+1"]
[Date "2022.06.14"]
[WhiteClock "0:01:58"]
[BlackClock "0:00:23"]

1. e4 d5 2. exd5 Qxd5 3. Qf3 Qxf3 4. Nxf3 c6 5. Nc3 Bg4 6. Be2 Nd7 7. h3 Bh5 8. d3 e6 9. Be3 Ngf6 10. g4 Bg6 11. Nh4 Be7 12. Nxg6 hxg6 13. Kf1 Nd5 14. Nxd5 cxd5 15. Kg2 a6 16. c4 dxc4 17. dxc4 Bc5 18. Bxc5 Nxc5 19. b4 Nd7 20. Bf3 O-O-O 21. Rhd1 Ne5 22. Be2 g5 23. c5 Kc7 24. a4 Rxd1 25. Rxd1 Ng6 26. Bf1 Nf4+ 27. Kg3 e5 28. b5 axb5 29. axb5 Ra8 30. b6+ Kc6 31. Rd6+ Kxc5 32. Rd7 Ra3+ 33. Kh2 Kxb6 34. Rxf7 Rf3 35. Rxg7 Rxf2+ 36. Kg1 Rf3 37. Rxg5 Nxh3+ 38. Bxh3 Rxh3 39. Kf2 Rh2+ 40. Kf3 Rh3+ 41. Ke4 Rg3 42. Kxe5 Kc6 43. Kf4 Rg1 44. Rg8 b5 45. g5 b4 46. g6 b3 47. g7 b2 48. Rb8 Rxg7 49. Rxb2 Rb7 50. Rxb7 Kxb7 1/2-1/2


[Site "https://www.chess.com"]

[Event "Titled Tuesday Blitz June 14 Late 2022"]
[White "D`Arruda, Ricardo D."]
[Black "Injac, Teodora"]
[WhiteFideId "100692"]
[BlackFideId "932400"]
[WhiteElo "2505"]
[BlackElo "2278"]
[Result "0-1"]
[Round "11"]
[TimeControl "180+1"]
[Date "2022.06.14"]
[WhiteClock "0:00:26"]
[BlackClock "0:00:30"]

1. d4 Nf6 2. Nf3 g6 3. Nc3 d5 4. Bg5 Bg7 5. Bxf6 Bxf6 6. e4 dxe4 7. Nxe4 Bg7 8. Bc4 O-O 9. O-O Bg4 10. c3 Nc6 11. Re1 e5 12. d5 Ne7 13. d6 Nf5 14. h3 Bxf3 15. Qxf3 cxd6 16. Rad1 Qc7 17. Bb3 Rad8 18. Ng5 h6 19. Ne4 Qe7 20. Bd5 Kh8 21. g3 Qc7 22. h4 Ne7 23. Bb3 f5 24. Nd2 d5 25. Qe2 e4 26. Nf1 f4 27. Qg4 Kh7 28. h5 g5 29. Nh2 Be5 30. gxf4 Rxf4 31. Qe6 Rf6 32. Qh3 Bxh2+ 33. Qxh2 Qxh2+ 34. Kxh2 Rxf2+ 35. Kg3 Rdf8 36. Bxd5 R8f3+ 37. Kg4 Rg2# 0-1


[Site "https://www.chess.com"]

[Event "Titled Tuesday Blitz June 14 Late 2022"]
[White "Djabri,Massinas"]
[Black "Bayo Milagro, Alvaro"]
[WhiteFideId "7905726"]
[BlackFideId "22275240"]
[WhiteElo "1941"]
[BlackElo "2270"]
[Result "0-1"]
[Round "11"]
[TimeControl "180+1"]
[Date "2022.06.14"]
[WhiteClock "0:00:47"]
[BlackClock "0:00:57"]

1. d4 Nf6 2. c4 g6 3. f3 Bg7 4. e4 d6 5. Nc3 O-O 6. Nge2 Nc6 7. d5 Na5 8. Ng3 c5 9. Be2 a6 10. a4 Rb8 11. O-O Bd7 12. h3 e6 13. f4 exd5 14. cxd5 Re8 15. e5 dxe5 16. fxe5 Rxe5 17. Bf4 Qe8 18. Bxe5 Qxe5 19. Bf3 Qxg3 20. d6 Nc6 21. Nd5 Qxd6 22. Nxf6+ Qxf6 23. Bd5 Qd4+ 24. Kh1 Ne5 25. Qb3 c4 26. Rad1 cxb3 27. Rxd4 Be6 28. Bxe6 fxe6 29. Rb4 Nd3 30. Rxb3 Nxb2 31. Rb4 b5 32. axb5 axb5 33. Rb1 Bc3 34. R4xb2 Bxb2 35. Rxb2 b4 36. Kg1 b3 37. Kf2 Kg7 38. Ke3 Kf6 39. Kd4 Kf5 40. g3 e5+ 41. Ke3 Rb4 42. Rf2+ Ke6 43. Rb2 Kd5 44. Kd3 e4+ 45. Kc3 Rb7 46. Rd2+ Ke5 47. Kb2 e3 48. Rd8 Ke4 0-1


[Site "https://www.chess.com"]

[Event "Titled Tuesday Blitz June 14 Late 2022"]
[White "Dubov, Daniil"]
[Black "Zierk, Steven"]
[WhiteFideId "24126055"]
[BlackFideId "2034255"]
[WhiteElo "2791"]
[BlackElo "2494"]
[Result "1/2-1/2"]
[Round "11"]
[TimeControl "180+1"]
[Date "2022.06.14"]
[WhiteClock "0:00:03"]
[BlackClock "0:00:02"]

1. d4 Nf6 2. Nf3 g6 3. c4 Bg7 4. Nc3 O-O 5. Bg5 c5 6. d5 d6 7. e3 Bf5 8. Bd3 Bxd3 9. Qxd3 Nbd7 10. O-O h6 11. Bh4 g5 12. Bg3 Nh5 13. e4 a6 14. a4 Nxg3 15. hxg3 g4 16. Nh2 Ne5 17. Qe2 Qd7 18. Nd1 f5 19. exf5 Qxf5 20. Ne3 Qd3 21. Qxd3 Nxd3 22. Ra3 Nxb2 23. a5 h5 24. Rb1 Bd4 25. Nhf1 b5 26. axb6 Rab8 27. Rb3 Na4 28. b7 a5 29. Nd1 Rf7 30. Nfe3 e6 31. dxe6 Re7 32. Ra3 Nb2 33. Rxb2 Bxb2 34. Nxb2 Rbxb7 35. Nd3 Rxe6 36. Rxa5 h4 37. gxh4 g3 38. Nf1 gxf2+ 39. Nxf2 Rb1 40. Nh1 Re4 41. h5 Rxc4 42. Ng3 Rg4 43. Kf2 Rf4+ 44. Kg1 c4 45. Ra7 Rh4 46. Rc7 d5 47. Kf2 Rf4+ 48. Kg1 Rh4 49. Rc5 Rg4 50. Kf2 Rf4+ 51. Kg1 Rg4 52. Kh2 Rh4+ 53. Kg1 Rg4 1/2-1/2


[Site "https://www.chess.com"]

[Event "Titled Tuesday Blitz June 14 Late 2022"]
[White "Flynn, Jacob"]
[Black "Souleidis, Georgios"]
[WhiteFideId "2509393"]
[BlackFideId "4206827"]
[WhiteElo "1896"]
[BlackElo "2401"]
[Result "1-0"]
[Round "11"]
[TimeControl "180+1"]
[Date "2022.06.15"]
[WhiteClock "0:00:23"]
[BlackClock "0:00:01"]

1. d4 Nf6 2. c4 g6 3. Nc3 Bg7 4. e4 d6 5. Be2 O-O 6. Nf3 e5 7. d5 a5 8. Bg5 h6 9. Be3 Ng4 10. Bd2 f5 11. h3 Nf6 12. exf5 gxf5 13. Qc1 Kh7 14. g4 Ne4 15. g5 Nxd2 16. Qxd2 e4 17. g6+ Kxg6 18. Rg1+ Kh7 19. Nd4 Qf6 20. Ne6 Bxe6 21. dxe6 Qxe6 22. Nd5 Na6 23. O-O-O Be5 24. Kb1 Rg8 25. f4 Bh8 26. c5 dxc5 27. Bxa6 Rxg1 28. Rxg1 Rxa6 29. Nxc7 Qd6 30. Qg2 Qg6 31. Nxa6 Qxg2 32. Rxg2 bxa6 33. Kc2 a4 34. b3 axb3+ 35. Kxb3 Bd4 36. Kc4 e3 37. Kd5 h5 38. Ke6 c4 39. Kxf5 c3 40. Ke4 Bb6 41. Kd3 Kh6 42. Kxc3 Bc7 43. f5 Be5+ 44. Kd3 Bf6 45. Rg6+ Kh7 46. Rxf6 Kg7 1-0


[Site "https://www.chess.com"]

[Event "Titled Tuesday Blitz June 14 Late 2022"]
[White "Girsh, Daniel"]
[Black "Lewtak, Damian"]
[WhiteFideId "30949190"]
[BlackFideId "1141724"]
[WhiteElo "2511"]
[BlackElo "2379"]
[Result "1-0"]
[Round "11"]
[TimeControl "180+1"]
[Date "2022.06.15"]
[WhiteClock "0:01:27"]
[BlackClock "0:00:58"]

1. e4 b6 2. d4 Bb7 3. Bd3 e6 4. Nc3 Ne7 5. Nf3 g6 6. O-O Bg7 7. Bg5 h6 8. Be3 d6 9. a4 a6 10. Re1 Nd7 11. Ne2 e5 12. dxe5 Nxe5 13. Nxe5 dxe5 14. Ng3 O-O 15. Qe2 Qc8 16. a5 b5 17. Bc5 Qe6 18. c4 c6 19. Rad1 Rfd8 20. Bb6 Rd7 21. b3 Nc8 22. Be3 Nd6 23. Bb1 Ne8 24. Rxd7 Qxd7 25. Rd1 Qe7 26. Qd2 h5 27. Qd7 Qxd7 28. Rxd7 Bc8 29. Rd8 Bb7 30. Rd7 Bc8 31. Rd8 Bb7 32. Rd2 Bf6 33. Bb6 Be7 34. Rd7 1-0


[Site "https://www.chess.com"]

[Event "Titled Tuesday Blitz June 14 Late 2022"]
[White "Goncalves, Davi Sulzbacher"]
[Black "Hnydiuk, Aleksander"]
[WhiteFideId "2154510"]
[BlackFideId "1109057"]
[WhiteElo "2107"]
[BlackElo "2374"]
[Result "0-1"]
[Round "11"]
[TimeControl "180+1"]
[Date "2022.06.14"]
[WhiteClock "0:00:29"]
[BlackClock "0:02:02"]

1. d4 Nf6 2. c4 g6 3. Nf3 Bg7 4. Nc3 d5 5. cxd5 Nxd5 6. e4 Nxc3 7. bxc3 c5 8. Rb1 O-O 9. Be2 b6 10. O-O Bb7 11. d5 Bxc3 12. Bh6 Bg7 13. Bxg7 Kxg7 14. Rb3 e6 15. Qa1+ Qf6 16. e5 Qf4 17. g3 Qf5 18. d6 Nd7 19. Re3 g5 20. Bd3 Qg4 21. Ne1 Qd4 22. Qxd4 cxd4 23. Re2 Rac8 24. f4 gxf4 25. gxf4 Kh8 26. Kf2 Nc5 27. Rg1 Rg8 28. Rg3 Rxg3 29. hxg3 Kg7 30. g4 f6 31. exf6+ Kxf6 32. Bxh7 Rd8 33. g5+ Kg7 34. Bc2 Rxd6 35. Nd3 Ba6 36. f5 Nxd3+ 37. Bxd3 Bxd3 38. Rd2 Bxf5 39. Kf3 e5 40. Rb2 e4+ 41. Kf4 Kg6 42. Ke5 Rd7 43. Rf2 d3 44. Rxf5 Rd5+ 45. Kxd5 Kxf5 46. g6 Kxg6 47. Kxe4 d2 48. Kd3 d1=Q+ 49. Kc3 Qa1+ 50. Kb3 Kf5 51. a3 Ke4 52. Kb4 Kd4 53. a4 Qc3+ 54. Kb5 Qa5+ 55. Kc6 Qxa4+ 56. Kb7 b5 57. Kc6 b4+ 58. Kd6 b3 59. Ke6 Qc6+ 60. Kf5 Qe4+ 61. Kg5 b2 62. Kf6 a5 63. Kf7 a4 64. Kf6 a3 65. Kg5 a2 66. Kf6 a1=Q 67. Kg7 b1=Q 68. Kf7 Qa7+ 69. Kg8 Qbb8# 0-1


[Site "https://www.chess.com"]

[Event "Titled Tuesday Blitz June 14 Late 2022"]
[White "Hjartarson, Johann"]
[Black "Bringas Gomez, Artai"]
[WhiteFideId "2300044"]
[BlackFideId "24534064"]
[WhiteElo "2458"]
[BlackElo "1988"]
[Result "*"]
[Round "11"]
[TimeControl "180+1"]
[Date "2022.06.14"]
[WhiteClock "0:01:19"]
[BlackClock "0:01:57"]

1. e4 c6 2. d4 d5 3. exd5 cxd5 4. Bd3 Nc6 5. c3 Qc7 6. Nf3 Bg4 7. h3 Bh5 8. O-O e6 9. Nbd2 Bd6 10. Re1 Nge7 11. a4 O-O 12. b4 Rae8 13. a5 a6 14. Nb3 e5 15. Bxh7+ Kh8 16. g4 Bg6 17. Bxg6 Nxg6 18. Be3 e4 19. Nfd2 f5 20. gxf5 Rxf5 21. Qg4 Qf7 22. Kh1 Nf4 23. Rg1 Nd8 24. Nc5 Nxh3 *


[Site "https://www.chess.com"]

[Event "Titled Tuesday Blitz June 14 Late 2022"]
[White "Hoffmann, Asa"]
[Black "Pinheiro, Iung Alicio de O."]
[WhiteFideId "2001470"]
[BlackFideId "2104350"]
[WhiteElo "2117"]
[BlackElo "2283"]
[Result "1-0"]
[Round "11"]
[TimeControl "180+1"]
[Date "2022.06.14"]
[WhiteClock "0:00:08"]
[BlackClock "0:00:19"]

1. d4 Nf6 2. Bg5 Ne4 3. Bf4 Nc6 4. f3 e5 5. dxe5 g5 6. Be3 Nc5 7. Qd5 Ne6 8. Nc3 Bg7 9. Ne4 Nxe5 10. O-O-O f5 11. Nc3 c6 12. Qb3 b5 13. h4 gxh4 14. Qxe6+ dxe6 15. Rxd8+ Kxd8 16. Rxh4 Ng6 17. Rh5 e5 18. Nh3 h6 19. Bc5 Be6 20. e4 f4 21. Nf2 Kc7 22. Nd3 a5 23. a3 Rab8 24. Be2 Bc4 25. b3 Be6 26. Bf2 Bf8 27. Bc5 Bd6 28. b4 axb4 29. axb4 Bc4 30. Kd2 Ra8 31. Rf5 Raf8 32. Rh5 Rd8 33. Ke1 Bxd3 34. Bxd3 Bxc5 35. bxc5 Ra8 36. Nd1 Nf8 37. Rxe5 Nd7 38. Rf5 Raf8 39. Rh5 Rhg8 40. Kf1 Rf6 41. Nf2 Rg5 42. Rh4 Nxc5 43. Ng4 Rfg6 44. e5 Nxd3 45. cxd3 h5 46. Nf2 Rxe5 47. Rxf4 Reg5 48. g4 hxg4 49. fxg4 Rd5 50. Ke2 Rgd6 51. Rf8 c5 52. Rg8 b4 53. g5 b3 54. Rg7+ Kc6 55. Rg8 Kb7 56. Rg7+ Ka6 57. Ne4 Rxd3 58. Nxc5+ Kb5 59. Nxd3 Rd4 60. Rb7+ Kc6 61. Rxb3 Rg4 62. Rc3+ Kd5 63. Rc5+ Kd4 64. Kf3 Rg1 65. Ra5 Kxd3 66. Kf4 Rf1+ 67. Ke5 Re1+ 68. Kf6 Kc4 69. g6 Rf1+ 70. Rf5 Rg1 71. g7 Kd4 72. Kf7 Ke4 73. Rf2 Ke5 74. g8=Q Rxg8 75. Kxg8 Ke4 76. Kg7 Ke3 77. Rf5 Ke4 78. Kg6 Ke3 79. Kg5 Ke4 80. Kg4 Ke3 81. Rf4 Ke2 82. Rf3 Ke1 83. Kg3 Ke2 84. Kg2 Kd2 85. Kf2 Kc2 86. Ke2 Kc1 87. Rd3 Kb2 88. Kd1 Ka2 89. Kc2 Ka1 90. Ra3# 1-0


[Site "https://www.chess.com"]

[Event "Titled Tuesday Blitz June 14 Late 2022"]
[White "Ibarra Jerez, Jose Carlos"]
[Black "Sarana, Alexey"]
[WhiteFideId "2226332"]
[BlackFideId "24133795"]
[WhiteElo "2628"]
[BlackElo "2666"]
[Result "0-1"]
[Round "11"]
[TimeControl "180+1"]
[Date "2022.06.14"]
[WhiteClock "0:00:04"]
[BlackClock "0:00:31"]

1. Nf3 d5 2. g3 g6 3. Bg2 Bg7 4. c4 d4 5. d3 e5 6. b4 Ne7 7. O-O O-O 8. a4 a5 9. b5 c5 10. bxc6 bxc6 11. Ba3 Na6 12. Nbd2 Qc7 13. Ne1 Nb4 14. Nc2 Rb8 15. Bxb4 axb4 16. Nb3 c5 17. a5 Ba6 18. e3 Nf5 19. exd4 exd4 20. Re1 Rfe8 21. Be4 Nd6 22. Bd5 Bf8 23. Qf3 Nf5 24. Be4 Ng7 25. Bd5 Nf5 26. Be4 Ng7 27. Bd5 Rbd8 28. h4 Nh5 29. Bc6 Rxe1+ 30. Rxe1 Kg7 31. Qg2 Nf6 32. Bf3 h5 33. Qf1 Bd6 34. Kg2 Bc8 35. Qe2 Bd7 36. Ra1 Re8 37. Qd2 Ng4 38. a6 Bc6 39. Qd1 Bxg3 40. fxg3 Re3 41. Nxe3 Nxe3+ 42. Kf2 Nxd1+ 43. Bxd1 Qe5 44. a7 Qe3+ 45. Kf1 Qxd3+ 46. Kf2 Qe3+ 47. Kf1 Qxg3 48. Ra6 Bg2+ 49. Ke2 Qf3+ 50. Kd2 Qc3+ 51. Ke2 Qe3# 0-1


[Site "https://www.chess.com"]